 Dungeon Crawl Stone Soup version 0.15-a0-717-ga3c592f (webtiles) character file.

4181 PolkaDot the Covert (level 10, -1/67 HPs)
             Began as a Vampire Gladiator on May 10, 2014.
             Was a Believer of Qazlal.
             Slain by an Executioner (6 damage)
             ... on Level 1 of the Abyss.
             The game lasted 00:34:56 (7511 turns).

PolkaDot the Covert (Vampire Gladiator)             Turns: 7511, Time: 00:34:56

HP  -1/67        AC  7     Str 12 (14) XL: 10   Next:  8%
MP  10/10        EV 18     Int 10      God: Qazlal [**....]
Gold 212         SH  6     Dex 20      Spells:  0 memorised,  9 levels left

rFire  . . .     SeeInvis +     z - +1,+2 demon trident
rCold  . . .     Clarity  .     j - +0 leather armour (curse)
rNeg   . . .     Conserve .     (no shield)
rPois  .         rCorr    +     c - +0 helmet
rElec  .         rRot     .     u - +0 cloak
SustAb . .       Spirit   .     k - +1 pair of gloves
rMut   .         Warding  .     (no boots)
Gourm  .         Stasis   .     o - amulet of resist corrosion
MR     ++...                    b - cursed ring of protection from magic
                                t - +3 ring of dexterity

@: non-regenerating, badly diseased, very resistant to hostile enchantments,
quite stealthy
A: bottle blood, fangs 3, see invisible, unbreathing
a: Bottle Blood, Upheaval, Renounce Religion


You were on level 1 of the Abyss.
You worshipped Qazlal.
Qazlal was pleased with you.
You were very full.

You visited 1 branch of the dungeon, and saw 9 of its levels.
You visited the Abyss 1 time.
You also visited: Sewer.

You collected 472 gold pieces.
You spent 260 gold pieces at shops.

Inventory:

Hand weapons
 z - a +1,+2 demon trident (weapon)
Missiles
 d - 2 throwing nets (quivered)
Armour
 c - a +0 helmet (worn)
 j - a cursed +0 leather armour (worn)
 k - a +1 pair of gloves (worn)
 u - a +0 cloak (worn)
Magical devices
 f - a wand of fire (6) {unknown}
 r - a wand of frost (15)
 x - a wand of confusion (10) {unknown}
Scrolls
 a - a scroll of remove curse
 n - 2 scrolls of amnesia
 w - a scroll of magic mapping
Jewellery
 b - a cursed ring of protection from magic (right hand)
 o - an amulet of resist corrosion (around neck)
 t - a +3 ring of dexterity (left hand)
Potions
 i - 3 potions of curing
 q - 10 potions of blood {@w2}
Books
 v - a book of Hinderance

   Spells                             Type                      Level
   Confusing Touch                    Hexes                        1
   Confuse                            Hexes                        3
   Petrify                            Transmutation/Earth          4
   Leda's Liquefaction                Hexes/Earth                  4
   Metabolic Englaciation             Hexes/Ice                    5
   Summon Mana Viper                  Hexes/Summoning              5
 A - a book of Annihilations {highlevel}

   This book is beyond your current level of understanding.

   Spells                             Type                      Level
   Poison Arrow                       Conjuration/Poison           6
   Chain Lightning                    Conjuration/Air              8
   Lehudib's Crystal Spear            Conjuration/Earth            8
   Glaciate                           Conjuration/Ice              9
   Fire Storm                         Conjuration/Fire             9


   Skills:
 - Level 1.7 Fighting
   Level 9.5 Short Blades
 * Level 6.0 Polearms
 - Level 1.5 Throwing
 - Level 8.4 Dodging
 + Level 11.2 Stealth


You had 9 spell levels left.
You didn't know any spells.

Dungeon Overview and Level Annotations

Branches:
Dungeon (9/15)             Temple (0/1) D:7            Lair (0/8) D:9
    Orc: D:9-12

Altars:
Cheibriados
Dithmenos
Fedhas
Gozag
Nemelex Xobeh
Qazlal
Sif Muna
Xom
Yredelemnul
Zin

Shops:
D:7 :

Annotations:
D:9 Erolcha, Joseph


Innate Abilities, Weirdness & Mutations

Your natural rate of healing is unusually fast.
You can bottle blood from corpses.
You have razor-sharp teeth.*
You have supernaturally acute eyesight.
You can survive without breathing.*


Message History

Okay, then.
An eye of draining comes into view.
The Executioner gestures at you.
You struggle to resist.
The eye of draining moves out of view.
An iron imp comes into view.
The yaktaur wields a crossbow.
The yaktaur shoots a bolt.
The bolt hits you.
The bolt disappears in a puff of smoke!
The worldbinder calls forth creatures from the Vaults!
The Executioner gestures.
The Executioner seems to speed up.
The Executioner barely misses you. The Executioner hits you.
The Executioner closely misses you.
The yaktaur shoots a bolt.
The bolt hits you!
* * * LOW HITPOINT WARNING * * *
The bolt disappears in a puff of smoke!
The Executioner hits you.
* * * LOW HITPOINT WARNING * * *
The Executioner hits you but does no damage.
The Executioner closely misses you. The Executioner misses you.
The Executioner hits you.
You die...

. . .. #. #... .#
.... .##.# ...# #
.#..##...# ..#
.#......#
#..##.#@#+#.###..
# ..#.#1.#........
#.......#.#
#...##.3...ยง#####
......5#......#
..##.[###.#.....#
##. ..x..#5# .. #
#.#.#...#... .##.
##.X.#c..?..


You could see an Executioner, a worldbinder, a chaos spawn and a white imp.

Vanquished Creatures
  A hill giant (D:8)
  An unseen horror (Abyss:1)
  A gargoyle (D:9)
  A fire drake (D:9)
  An ancient zyme (Abyss:1)
  Eustachio (D:9)
  A phantom (D:7)
  2 ice beasts
  An orc warrior (D:8)
  2 centaurs
  3 ogres
  A gnoll sergeant (D:5)
  4 giant frogs
  A troll zombie (D:7)
  4 goliath beetles
  A centaur zombie (D:8)
  2 crimson imps
  4 jellies
  5 orc priests
  2 hounds
  3 iguanas
  6 orc wizards
  2 worker ants
  A big kobold zombie (D:8)
  An ogre skeleton (D:4)
  A hound skeleton (D:9)
  10 gnolls
  12 adders
  A green rat (D:9)
  2 giant mites (D:5)
  An inept item mimic (D:7)
  An ufetubus (Abyss:1)
  A white imp (D:9)
  5 worms
  An iguana skeleton (D:8)
  9 giant geckos
  An ooze (D:3)
  25 orcs
  4 ball pythons (Sewer)
  13 bats
  5 giant cockroaches
  14 goblins
  18 hobgoblins
  6 quokkas
  5 giant newts
  13 jackals
  16 kobolds
  A kobold zombie (D:6)
  An orc zombie (D:8)
  9 rats
  2 ballistomycetes (D:8)
  5 plants (Sewer)
  A starspawn tentacle (Abyss:1)
235 creatures vanquished.

Vanquished Creatures (others)
  A giant spore (D:8)
  11 starspawn tentacles (Abyss:1)
  161 starspawn tentacle segments (Abyss:1)
173 creatures vanquished.

Grand Total: 408 creatures vanquished

Notes
Turn   | Place    | Note
--------------------------------------------------------------
     0 | D:1      | PolkaDot, the Vampire Gladiator, began the quest for the Orb.
     0 | D:1      | Reached XP level 1. HP: 16/16 MP: 1/1
    47 | D:1      | Reached skill level 1 in Stealth
   142 | D:1      | Reached XP level 2. HP: 22/22 MP: 2/2
   220 | D:1      | Found a sparkling altar of Nemelex Xobeh.
   470 | D:1      | Reached XP level 3. HP: 25/27 MP: 3/3
   779 | D:2      | Reached skill level 4 in Short Blades
  1107 | D:2      | Reached XP level 4. HP: 26/33 MP: 4/4
  1543 | D:3      | Found a deep blue altar of Sif Muna.
  1551 | D:3      | Reached XP level 5. HP: 5/38 MP: 5/5
  1752 | D:3      | Reached skill level 5 in Short Blades
  2206 | D:4      | Reached XP level 6. HP: 30/44 MP: 6/6
  2286 | D:5      | Entered Level 5 of the Dungeon
  2319 | D:5      | HP: 1/44 [orc wizard/puff of flame (9)]
  2331 | D:5      | Reached skill level 5 in Dodging
  2524 | D:5      | Reached skill level 6 in Short Blades
  2524 | D:5      | Reached skill level 5 in Stealth
  2721 | D:5      | Found a basalt altar of Yredelemnul.
  2852 | D:5      | Reached XP level 7. HP: 36/49 MP: 7/7
  2898 | D:5      | Found a glowing drain.
  2902 | Sewer    | Entered a sewer
  4705 | D:5      | Found a stormy altar of Qazlal.
  4708 | D:5      | Noticed an air elemental
  4709 | D:5      | Noticed a fire elemental
  4709 | D:5      | Noticed a water elemental
  4731 | D:5      | HP: 2/49 [gnoll/flail (9)]
  4776 | D:5      | Became a worshipper of Qazlal Stormbringer
  4899 | D:5      | Reached skill level 7 in Short Blades
  5219 | D:6      | Reached XP level 8. HP: 50/55 MP: 8/8
  5239 | D:6      | Reached skill level 8 in Short Blades
  5264 | D:6      | Found a glowing silver altar of Zin.
  5264 | D:6      | Found a shimmering altar of Xom.
  5267 | D:6      | Found a snail-covered altar of Cheibriados.
  5267 | D:6      | Found a shadowy altar of Dithmenos.
  5270 | D:6      | Found a blossoming altar of Fedhas.
  5546 | D:7      | Found a staircase to the Ecumenical Temple.
  5602 | D:7      | Found Vehosiaf's Book Emporium.
  5631 | D:7      | HP: 1/55 [troll zombie (5)]
  5639 | D:7      | Acquired Qazlal's first power
  5658 | D:7      | Bought a book of Hinderance for 260 gold pieces
  6029 | D:7      | Reached skill level 9 in Short Blades
  6070 | D:7      | Found an opulent altar of Gozag.
  6728 | D:8      | Acquired Qazlal's second power
  6791 | D:8      | Reached skill level 1 in Polearms
  6820 | D:8      | Reached XP level 9. HP: 61/61 MP: 9/9
  6988 | D:8      | Noticed a hill giant
  7011 | D:8      | Killed a hill giant
  7200 | D:9      | Reached skill level 10 in Stealth
  7204 | D:9      | Noticed Eustachio
  7224 | D:9      | Noticed a fire drake
  7227 | D:9      | Killed Eustachio
  7237 | D:9      | Killed a fire drake
  7241 | D:9      | Noticed a gargoyle
  7259 | D:9      | Killed a gargoyle
  7270 | D:9      | Reached skill level 5 in Polearms
  7315 | D:9      | Found a sparkling altar of Nemelex Xobeh.
  7330 | D:9      | Noticed Joseph
  7338 | D:9      | Found a staircase to the Lair.
  7347 | D:9      | Noticed Erolcha
  7364 | D:9      | Cast into the Abyss (Erolcha)
  7433 | Abyss:1  | Noticed a tentacled starspawn
  7450 | Abyss:1  | Noticed an unseen horror
  7484 | Abyss:1  | Killed an unseen horror
  7484 | Abyss:1  | Reached skill level 11 in Stealth
  7484 | Abyss:1  | Reached XP level 10. HP: 67/67 MP: 10/10
  7505 | Abyss:1  | Noticed a worldbinder
  7507 | Abyss:1  | Noticed an Executioner
  7510 | Abyss:1  | Noticed an ironheart preserver
  7511 | Abyss:1  | Slain by an Executioner

Action                   |  1- 3 |  4- 6 |  7- 9 | 10-12 || total
-------------------------+-------+-------+-------+-------++-------
Melee: Cutlass           |   167 |       |       |       ||   167
       Short sword       |     5 |   184 |   514 |       ||   703
       Demon trident     |       |       |    11 |     5 ||    16
Throw: Throwing net      |       |       |     2 |       ||     2
 Abil: Bottle Blood      |       |       |    32 |       ||    32
       End Transformatio |       |       |     1 |       ||     1
       Bat Form          |       |       |     1 |       ||     1
Evoke: Wand              |       |       |     1 |       ||     1
  Use: Potion            |     1 |     8 |    32 |       ||    41
       Scroll            |       |     8 |     8 |       ||    16
 Stab: Sleeping          |     2 |     4 |     9 |       ||    15
       Distracted        |       |       |     1 |       ||     1
       Invisible         |       |       |     1 |       ||     1
